 Dungeon Crawl Stone Soup version 0.29.1-15-g9cfb28693d (webtiles) character file.

Game seed: 17931013893889999227

17865 zeram the Blocker (level 12, -1/97 HPs)
             Began as a Gnoll Fighter on Apr 20, 2023.
             Was an Initiate of Gozag.
             Slain by a deep troll (9 damage)
             ... on level 13 of the Dungeon.
             The game lasted 00:31:09 (18713 turns).

zeram the Blocker (Gnoll Fighter)                  Turns: 18713, Time: 00:31:09

Health: -1/97      AC: 23    Str: 16    XL:     12   Next: 52%
Magic:  23/23      EV: 11    Int: 12    God:    Gozag
Gold:   296        SH: 13    Dex: 12    Spells: 20/26 levels left

rFire   . . .      SeeInvis .   E - +5 trident (vorpal)
rCold   + . .      Faith    .   k - +2 buckler {rC+}
rNeg    . . .      Spirit   .   I - +0 plate armour
rPois   .          Reflect  +   w - +2 helmet
rElec   .          Harm     .   M - +0 cloak {rCorr}
rCorr   +          Rampage  .   (no gloves)
Will    .....                   (no boots)
Stlth   ..........              B - amulet of reflection
HPRegen 0.26/turn               J - +4 ring of protection
MPRegen 0.18/turn               F - +4 ring of evasion

@: about to teleport, gold aura
A: fangs 1, strong nose, distributed training
a: Renounce Religion, Potion Petition, Call Merchant, Bribe Branch


You were on level 13 of the Dungeon.
You worshipped Gozag.
Gozag was aware of your devotion.
You visited 3 branches of the dungeon, and saw 15 of its levels.
You also visited: Sewer.

You collected 3408 gold pieces.
You spent 1734 gold pieces at shops.
You paid 1378 gold pieces to Gozag.

Inventory:

Hand Weapons
 s - the +8 sling "Oghaturch" {vorpal, Fly rF+++ MP+9 Stlth+}
   (You bought it in a shop on level 1 of the Orcish Mines)

   Any ammunition fired from it inflicts extra damage upon your enemies.
   rF:        It renders you almost immune to fire.
   MP:        It affects your magic capacity (+9).
   Fly:       It grants you flight.
   Stlth:     It makes you more stealthy.
 E - a +5 vorpal trident (weapon)
Missiles
 b - a throwing net
 u - 5 curare-tipped darts (quivered)
Armour
 k - a +2 buckler of cold resistance (worn)
 q - a +2 robe of cold resistance
 w - a +2 helmet (worn)
 I - a +0 plate armour (worn)
 M - a +0 cloak of preservation (worn)
Jewellery
 e - a +6 ring of strength
 p - a ring of ice
 r - a ring of see invisible
 B - an amulet of reflection (around neck)
 F - a +4 ring of evasion (right hand)
 J - a +4 ring of protection (left hand)
Wands
 j - a wand of flame (21)
 y - a wand of paralysis (6)
 z - a wand of acid (9)
 G - a wand of polymorph (4)
 L - a wand of roots (6)
Scrolls
 a - 4 scrolls of magic mapping
 g - 3 scrolls of teleportation
 i - a scroll of butterflies
Potions
 c - 3 potions of mutation
 d - 3 potions of might
 f - 3 potions of brilliance
 h - a potion of experience
 l - a potion of invisibility
 m - 2 potions of magic
 n - 2 potions of lignification
 o - 2 potions of heal wounds
 t - a potion of resistance
 C - a potion of flight
 D - 9 potions of curing
 H - a potion of cancellation {unknown}


   Skills:
 + Level 10.1 Fighting
 + Level 7.6 Short Blades
 + Level 7.6 Long Blades
 + Level 9.0 Axes
 + Level 7.6 Maces & Flails
 + Level 7.6 Polearms
 + Level 7.6 Staves
 + Level 7.6 Ranged Weapons
 + Level 7.6 Throwing
 + Level 10.1 Armour
 + Level 7.6 Dodging
 + Level 7.6 Stealth
 + Level 10.1 Shields
 + Level 7.6 Unarmed Combat
 + Level 7.6 Spellcasting
 + Level 6.3 Conjurations
 + Level 6.3 Hexes
 + Level 6.3 Summonings
 + Level 6.3 Necromancy
 + Level 6.3 Translocations
 + Level 6.3 Transmutations
 + Level 6.3 Fire Magic
 + Level 6.3 Ice Magic
 + Level 6.3 Air Magic
 + Level 6.3 Earth Magic
 + Level 6.3 Poison Magic
 + Level 8.4 Invocations
 + Level 7.6 Evocations


You had 20 spell levels left.
You knew the following spells:

 Your Spells              Type           Power      Damage    Failure   Level
a - Call Canine Familiar  Summ           19%        N/A       77%         3
b - Vampiric Draining     Necr           19%        2d7       77%         3

Your spell library contained the following spells:

 Spells                   Type           Power      Damage    Failure   Level
 Beastly Appendage        Tmut           38%        N/A       38%         1
 Foxfire                  Conj/Fire      76%        2x1d7     38%         1
 Necrotise                Necr           76%        1d7       38%         1
 Sting                    Tmut/Pois      76%        1d6       38%         1
 Poisonous Vapours        Pois/Air       38%        N/A       54%         2
 Wereblood                Tmut           19%        N/A       54%         2
 Conjure Flame            Conj/Fire      19%        6-21      77%         3
 Ignite Poison            Fire/Tmut/Pois 19%        N/A       77%         3
 Inner Flame              Hex/Fire       19%        N/A       77%         3
 Portal Projectile        Hex/Tloc       38%        N/A       77%         3
 Spider Form              Tmut/Pois      19%        N/A       77%         3
 Animate Armour           Summ/Erth      38%        N/A       99%         4
 Flame Wave               Conj/Fire      19%        2d7       99%         4
 Leda's Liquefaction      Hex/Erth       9%         N/A       99%         4
 Olgreb's Toxic Radiance  Pois           19%        N/A       99%         4
 Sticky Flame             Conj/Fire      19%        2d4       99%         4
 Agony                    Necr           19%        N/A       100%        5
 Blade Hands              Tmut           9%         N/A       100%        5
 Fireball                 Conj/Fire      9%         3d6       100%        5
 Iron Shot                Conj/Erth      9%         9d3       100%        6
 Starburst                Conj/Fire      9%         6d5       100%        6
 Ignition                 Fire           9%         3d5       100%        8


Dungeon Overview and Level Annotations

Branches:
Dungeon (13/15)            Temple (1/1) D:4            Lair (0/5) D:8
    Orc (1/2) D:12          Sewer (visited)
 Vaults: D:13-14

Altars:
Ashenzari
Cheibriados
Dithmenos
Elyvilon
Fedhas
Gozag
Hepliaklqana
Kikubaaqudgha
Makhleb
Nemelex Xobeh
Okawaru
Qazlal
Ru
Sif Muna
Trog
Uskayaw
Vehumet
Wu Jian
Xom
Yredelemnul
Zin
The Shining One

Shops:
D:7 (   D:11 [   Orc:1 (

Annotations:
D:7 2 transporters, BuddhaDhamma's ghost, novice MiBe


Innate Abilities, Weirdness & Mutations

You have very sharp teeth.
Your uncanny sense of smell can sniff out nearby items.
Your experience applies equally to all skills.


Message History

You are too injured to fight recklessly!
You are too injured to fight recklessly!
A deep troll is nearby!
A deep troll is nearby!
A deep troll is nearby!
You are too injured to fight recklessly!
You are too injured to fight recklessly!
You are too injured to fight recklessly!
You are too injured to fight recklessly!
You are too injured to fight recklessly!
You feel your magic capacity decrease.
You float gracefully downwards.
E - a +5 vorpal trident (weapon)
You are too injured to fight recklessly!
You are too injured to fight recklessly!
You are too injured to fight recklessly!
You are too injured to fight recklessly!
You are too injured to fight recklessly!
You are too injured to fight recklessly!
You are too injured to fight recklessly!
You closely miss the deep troll.
You bite the deep troll, but do no damage.
The deep troll is heavily wounded.
The deep troll bites you!
The deep troll claws you but does no damage. x2
You closely miss the deep troll. You bite the deep troll.
The deep troll is heavily wounded.
The deep troll bites you.
* * * LOW HITPOINT WARNING * * *
The deep troll claws you!
* * * LOW HITPOINT WARNING * * *
You block the deep troll's attack.
As you read the scroll of teleportation, it crumbles to dust.
You feel strangely unstable. The deep troll barely misses you.
The deep troll claws you!
* * * LOW HITPOINT WARNING * * *
You block the deep troll's attack.
The deep troll attacks as you move away!
The deep troll completely misses you. The deep troll claws you!
You die...
Your body crumbles into a pile of gold.

####+### #.#####
#......# #.#....
#....$.# #.#..T.
#......#####.#.###
#......'..(c.#.# $
#....<.#####...#∆
#.....># #...#$
#.T....# #...#
#@.....# #)#.#
#......# #.#.###
#......#####......
####'####....#####
#.## #.#### #..#
#.# ######.###.#
#....)))...########
#..................


You could see a deep troll.

Vanquished Creatures
  Fannar (D:12)
  5 two-headed ogres
  A centaur warrior (D:13)
  A deep elf pyromancer (D:11)
  5 cyclopes
  An elephant (D:8)
  A gargoyle (D:12)
  A komodo dragon (D:11)
  A freezing wraith (D:11)
  A kobold demonologist (D:13)
  2 trolls (D:12)
  A hornet (D:10)
  A centaur simulacrum (D:12)
  4 shadows
  5 yaks
  7 vampire mosquitoes
  3 steam dragons
  A warg (Orc:1)
  3 acid dragons (D:11)
  A water moccasin (D:8)
  A sky beast (D:7)
  Duvessa (D:7)
  12 orc warriors
  3 black bears
  A centaur (D:9)
  A phantom (D:8)
  13 kobold brigands
  4 bullfrogs
  A gnoll sergeant (D:7)
  6 scorpions
  13 wights
  Dowan (D:7)
  22 killer bees
  2 howler monkeys
  A lava snake (D:8)
  A hound (D:6)
  9 orc priests
  3 iguanas
  12 orc wizards
  4 gnolls (D:7)
  11 adders
  A shadow imp (D:8)
  3 white imps
  A dart slug (D:1)
  46 orcs
  10 ball pythons
  12 endoplasms
  8 giant cockroaches
  5 goblins
  7 hobgoblins
  11 jackals
  6 quokkas
  5 bats
  4 frilled lizards
  55 kobolds
  3 rats
345 creatures vanquished.

Vanquished Creatures (collateral kills)
  An orc (D:10)
1 creature vanquished.

Vanquished Creatures (others)
  A kobold (D:9)
  5 fungi
  6 plants
12 creatures vanquished.

Grand Total: 358 creatures vanquished

Notes
Turn   | Place    | Note
-------+----------+-------------------------------------------
     0 | D:1      | zeram the Gnoll Fighter began the quest for the Orb.
     0 | D:1      | Reached XP level 1. HP: 23/23 MP: 1/1
   105 | D:1      | Found a faded altar of an unknown god.
   108 | D:1      | Reached XP level 2. HP: 29/29 MP: 2/2
   732 | D:1      | Reached XP level 3. HP: 35/35 MP: 3/3
  1084 | D:2      | Reached skill level 1 in Invocations
  1358 | D:2      | Reached skill level 1 in Short Blades
  1358 | D:2      | Reached skill level 1 in Long Blades
  1358 | D:2      | Reached skill level 1 in Maces & Flails
  1358 | D:2      | Reached skill level 1 in Polearms
  1358 | D:2      | Reached skill level 1 in Staves
  1358 | D:2      | Reached skill level 1 in Ranged Weapons
  1358 | D:2      | Reached skill level 1 in Throwing
  1358 | D:2      | Reached skill level 1 in Dodging
  1358 | D:2      | Reached skill level 1 in Stealth
  1358 | D:2      | Reached skill level 1 in Unarmed Combat
  1358 | D:2      | Reached skill level 1 in Spellcasting
  1358 | D:2      | Reached skill level 1 in Evocations
  1362 | D:2      | Learned a level 3 spell: Call Canine Familiar
  1388 | D:2      | Reached XP level 4. HP: 26/41 MP: 5/5
  1707 | D:3      | Identified a scroll of acquirement
  1707 | D:3      | Acquired 1204 gold pieces
  1851 | D:3      | Reached skill level 1 in Conjurations
  1851 | D:3      | Reached skill level 1 in Hexes
  1851 | D:3      | Reached skill level 1 in Summonings
  1851 | D:3      | Reached skill level 1 in Necromancy
  1851 | D:3      | Reached skill level 1 in Translocations
  1851 | D:3      | Reached skill level 1 in Transmutations
  1851 | D:3      | Reached skill level 1 in Fire Magic
  1851 | D:3      | Reached skill level 1 in Ice Magic
  1851 | D:3      | Reached skill level 1 in Air Magic
  1851 | D:3      | Reached skill level 1 in Earth Magic
  1851 | D:3      | Reached skill level 1 in Poison Magic
  2221 | D:3      | Found a glowing drain.
  2235 | Sewer    | Entered a sewer
  2313 | Sewer    | Reached XP level 5. HP: 46/47 MP: 7/7
  2420 | Sewer    | Noticed a kobold brigand
  2441 | Sewer    | Killed a kobold brigand
  2737 | Sewer    | Noticed a kobold brigand
  2737 | Sewer    | Noticed a kobold brigand
  2748 | Sewer    | Killed a kobold brigand
  2749 | Sewer    | Reached skill level 5 in Axes
  2749 | Sewer    | Reached XP level 6. HP: 31/53 MP: 8/8
  3032 | D:3      | Learned a level 3 spell: Vampiric Draining
  3696 | D:3      | Found an ancient bone altar of Kikubaaqudgha.
  4109 | D:4      | Reached XP level 7. HP: 60/60 MP: 10/10
  4714 | D:4      | Found a staircase to the Ecumenical Temple.
  4726 | Temple   | Entered the Ecumenical Temple
  4865 | D:4      | Found an opulent altar of Gozag.
  4866 | D:4      | Found a radiant altar of Vehumet.
  5075 | D:5      | Entered Level 5 of the Dungeon
  5338 | D:5      | HP: 3/60 [poisoned by an orc wizard]
  5860 | D:5      | HP: 1/60 [orc priest/divine providence (11)]
  6261 | D:6      | Reached XP level 8. HP: 61/67 MP: 12/12
  6394 | D:6      | Found a sacrificial altar of Ru.
  6443 | D:6      | Found a glowing silver altar of Zin.
  6443 | D:6      | Found a stormy altar of Qazlal.
  6466 | D:6      | Found a hazy altar of Hepliaklqana.
  7502 | D:4      | Became a worshipper of Gozag Ym Sagoz the Greedy
  7604 | D:7      | Identified the +2 flail of Wepaxeeror {drain, Str+3}
  8180 | D:7      | Found a transporter.
  8194 | D:7      | Noticed a yak
  8194 | D:7      | Noticed a yak
  8194 | D:7      | Noticed a yak
  8195 | D:7      | Noticed a yak
  8202 | D:7      | Killed a yak
  8203 | D:7      | Reached XP level 9. HP: 67/73 MP: 14/14
  8678 | D:7      | Found Olenaqui's Weapon Emporium.
  8819 | D:7      | Noticed Duvessa
  8819 | D:7      | Noticed Dowan
  8832 | D:7      | Killed Duvessa
  8845 | D:7      | HP: 3/74 [Dowan/shard of ice (22)]
  9089 | D:7      | Noticed a two-headed ogre
  9093 | D:7      | Noticed a moth of wrath
  9106 | D:7      | Reached skill level 5 in Invocations
  9108 | D:7      | Found a bloodstained altar of Trog.
  9108 | D:7      | Noticed BuddhaDhamma's ghost (novice MiBe)
  9115 | D:7      | Found a transporter.
  9145 | D:7      | Killed Dowan
  9430 | D:7      | Found an ornate altar of the Wu Jian Council.
  9759 | D:8      | Found a shadowy altar of Dithmenos.
 10328 | D:8      | Reached skill level 5 in Short Blades
 10328 | D:8      | Reached skill level 5 in Long Blades
 10328 | D:8      | Reached skill level 5 in Maces & Flails
 10328 | D:8      | Reached skill level 5 in Polearms
 10328 | D:8      | Reached skill level 5 in Staves
 10328 | D:8      | Reached skill level 5 in Ranged Weapons
 10328 | D:8      | Reached skill level 5 in Throwing
 10328 | D:8      | Reached skill level 5 in Dodging
 10328 | D:8      | Reached skill level 5 in Stealth
 10328 | D:8      | Reached skill level 5 in Unarmed Combat
 10328 | D:8      | Reached skill level 5 in Spellcasting
 10328 | D:8      | Reached skill level 5 in Evocations
 10328 | D:8      | Reached XP level 10. HP: 81/81 MP: 17/17
 10354 | D:8      | Found a bloodstained altar of Trog.
 10761 | D:8      | Found a burning altar of Makhleb.
 10812 | D:8      | Noticed an elephant
 10813 | D:8      | Found a staircase to the Lair.
 10836 | D:8      | Killed an elephant
 12962 | D:9      | Found a blossoming altar of Fedhas.
 13060 | D:9      | Found a hide-covered altar of Uskayaw.
 13099 | D:10     | Entered Level 10 of the Dungeon
 13140 | D:10     | HP: 1/83 [orc/+0 trident (5)]
 13153 | D:10     | Reached skill level 5 in Conjurations
 13153 | D:10     | Reached skill level 5 in Hexes
 13153 | D:10     | Reached skill level 5 in Summonings
 13153 | D:10     | Reached skill level 5 in Necromancy
 13153 | D:10     | Reached skill level 5 in Translocations
 13153 | D:10     | Reached skill level 5 in Transmutations
 13153 | D:10     | Reached skill level 5 in Fire Magic
 13153 | D:10     | Reached skill level 5 in Ice Magic
 13153 | D:10     | Reached skill level 5 in Air Magic
 13153 | D:10     | Reached skill level 5 in Earth Magic
 13153 | D:10     | Reached skill level 5 in Poison Magic
 13170 | D:10     | Noticed a two-headed ogre
 13187 | D:10     | Killed a two-headed ogre
 13188 | D:10     | Reached XP level 11. HP: 44/89 MP: 20/20
 13510 | D:10     | Noticed a two-headed ogre
 13523 | D:10     | Killed a two-headed ogre
 13860 | D:10     | Found a sparkling altar of Nemelex Xobeh.
 13860 | D:10     | Found a faded altar of an unknown god.
 13868 | D:10     | Found a snail-covered altar of Cheibriados.
 13870 | D:10     | Found a faded altar of an unknown god.
 13872 | D:10     | Found a basalt altar of Yredelemnul.
 14214 | D:11     | Bought a +2 buckler of cold resistance for 236 gold pieces
 14214 | D:11     | Bought a +0 cloak of preservation for 126 gold pieces
 14498 | D:11     | Noticed a two-headed ogre
 14505 | D:11     | Killed a two-headed ogre
 14931 | D:11     | Noticed a cyclops
 14935 | D:11     | Killed a cyclops
 15403 | D:11     | Noticed a deep elf pyromancer
 15411 | D:11     | Killed a deep elf pyromancer
 15926 | D:12     | Noticed a cyclops
 15936 | D:12     | Killed a cyclops
 16102 | D:12     | Found a staircase to the Orcish Mines.
 16133 | D:12     | Noticed a two-headed ogre
 16145 | D:12     | Killed a two-headed ogre
 16298 | D:13     | Reached XP level 12. HP: 97/97 MP: 22/22
 16352 | D:13     | Noticed a two-headed ogre
 16359 | D:13     | Killed a two-headed ogre
 16387 | D:13     | Noticed a centaur warrior
 16849 | D:12     | Noticed Fannar
 16879 | D:12     | Killed Fannar
 17273 | D:12     | Reached skill level 10 in Fighting
 17273 | D:12     | Reached skill level 10 in Armour
 17273 | D:12     | Reached skill level 10 in Shields
 17813 | Orc:1    | Entered Level 1 of the Orcish Mines
 17874 | Orc:1    | Bought the +8 sling "Oghaturch" {vorpal, Fly rF+++ MP+9
                  | Stlth+} for 1372 gold pieces
 18690 | D:13     | Killed a centaur warrior
 18713 | D:13     | Slain by a deep troll

Illustrated notes

Levels and vault maps discovered:
D:1:      onia_arrival_pyramid, layout_loops_ring,
          shapermc_ecumenical_altar_starsandcircs, minmay_misc_feat_hallway
D:2:      wander_river, layout_basic
D:3:      layout_loops_cross, amcnicky_altar_gilded, serial_aquarium,
          aquarium_bridge_long_separate [aquarium_subvault_bridge,
          aquarium_subvault_wall, aquarium_subvault_wall,
          aquarium_subvault_bridge, aquarium_subvault_bridge,
          aquarium_subvault_bridge], aquarium_window_1, aquarium_window_1,
          aquarium_window_fake, aquarium_window_2, aquarium_view_2c,
          aquarium_pool_side, portal_sewer_entry_d, eino_tiny_chamber,
          minmay_vboxes
D:4:      nicolae_cairo_tiling_very_big, layout_cave_pods,
          mainiacjoe_overflow_divided_tiny, minmay_temple_entry_proselytizer
D:5:      layout_loops_corners
D:6:      layout_rooms, grunt_temple_overflow_open, minmay_misc_feat_pillars
D:7:      layout_loops_ring, lemuel_round_altar, serial_shops, shop,
          gammafunk_ghost_wrathful_warriors, uniq_duvessa
D:8:      layout_basic, trog_book, grunt_dithmenos_shadows, old_standard_altar,
          david_lair_generic, kennysheep_generic_room_2
D:9:      layout_small_grid, fedhas_altar_3, nicolae_uskayaw_dance_studio,
          glass_columns_a
D:10:     layout_loops_ring, chequers_temple_overflow_minitemple
D:11:     minmay_inside_and_out, layout_loops_ring
D:12:     layout_gridville, orc_0_dummy, uniq_fannar
D:13:     layout_roguey, david_vaults_4
Temple:   hellmonk_temple_beads
Orc:1:    layout_caves, mines1_david

Skill      XL: |  1  2  3  4  5  6  7  8  9 10 11 12 |
---------------+-------------------------------------+-----
Invocations    | 1 2 3 4 5 6 7 8 |  8.4
Short Blades   | 1 2 3 5 6 7 |  7.6
Long Blades    | 1 2 3 5 6 7 |  7.6
Maces & Flails | 1 2 3 5 6 7 |  7.6
Polearms       | 1 2 3 5 6 7 |  7.6
Staves         | 1 2 3 5 6 7 |  7.6
Ranged Weapons | 1 2 3 5 6 7 |  7.6
Throwing       | 1 2 3 5 6 7 |  7.6
Dodging        | 1 2 3 5 6 7 |  7.6
Stealth        | 1 2 3 5 6 7 |  7.6
Unarmed Combat | 1 2 3 5 6 7 |  7.6
Spellcasting   | 1 2 3 5 6 7 |  7.6
Evocations     | 1 2 3 5 6 7 |  7.6
Conjurations   | 1 2 3 4 5 6 |  6.3
Hexes          | 1 2 3 4 5 6 |  6.3
Summonings     | 1 2 3 4 5 6 |  6.3
Necromancy     | 1 2 3 4 5 6 |  6.3
Translocations | 1 2 3 4 5 6 |  6.3
Transmutations | 1 2 3 4 5 6 |  6.3
Fire Magic     | 1 2 3 4 5 6 |  6.3
Ice Magic      | 1 2 3 4 5 6 |  6.3
Air Magic      | 1 2 3 4 5 6 |  6.3
Earth Magic    | 1 2 3 4 5 6 |  6.3
Poison Magic   | 1 2 3 4 5 6 |  6.3
Axes           | 5 6 7 8 9 |  9.0
Fighting       | 7 8 9 10 | 10.1
Armour         | 7 8 9 10 | 10.1
Shields        | 7 8 9 10 | 10.1

Action                   |  1- 3 |  4- 6 |  7- 9 | 10-12 || total
-------------------------+-------+-------+-------+-------++-------
Melee: War axe           |    17 |       |       |       ||    17
       Bite              |    14 |    12 |    39 |    73 ||   138
       Dagger            |    78 |   198 |   200 |       ||   476
       Trident           |       |       |   190 |   735 ||   925
       Sling             |       |       |       |    40 ||    40
 Fire: Sling             |       |       |       |    62 ||    62
Invok: Call Merchant     |       |       |       |     2 ||     2
Evoke: Wand              |       |       |       |     2 ||     2
  Use: Scroll            |       |    12 |     8 |     9 ||    29
       Potion            |       |       |     5 |     4 ||     9
 Stab: Invisible         |       |       |     2 |       ||     2
       Distracted        |       |       |     1 |     2 ||     3
       Paralysed         |       |       |       |     5 ||     5
Armor: Scale mail        |    40 |    69 |    54 |       ||   163
       Skin              |       |       |     9 |       ||     9
       Plate armour      |       |       |   102 |   366 ||   468
Dodge: Dodged            |    47 |    98 |   147 |   285 ||   577
Block: Buckler           |    26 |    67 |   146 |   512 ||   751
       Reflection        |       |       |       |    21 ||    21
